 Dungeon Crawl Stone Soup version 0.29-a0-551-gffc1d7fb78 (webtiles) character file.

Game seed: 3916689312874918964

2 shadowstone the Slasher (level 1, 0/12 HPs)
             Began as a Gargoyle Gladiator on June 5, 2022.
             Constricted to death by a ball python (1 damage)
             ... on level 1 of the Dungeon.
             The game lasted 00:01:02 (112 turns).

shadowstone the Slasher (Gargoyle Gladiator)         Turns: 112, Time: 00:01:03

Health: 0/12       AC:  6    Str: 17    XL:     1   Next: 40%
Magic:  1/1        EV:  9    Int:  8    God:
Gold:   0          SH:  0    Dex: 11    Spells: 0/0 levels left

rFire   . . .      SeeInvis .   a - +0 long sword
rCold   . . .      Faith    .   (no shield)
rNeg    + . .      Spirit   .   b - +0 leather armour
rPois   ∞          Reflect  .   c - +0 helmet
rElec   +          Harm     .   (no cloak)
rCorr   .          Rampage  .   (no gloves)
Will    .....                   (no boots)
Stlth   +.........              (no amulet)
HPRegen 0.04/turn               (no ring)
MPRegen 0.07/turn               (no ring)

@: constricted
A: sickness immunity, AC +2, negative energy resistance 1, electricity
resistance, torment resistance 1, petrification resistance
a: no special abilities


You were on level 1 of the Dungeon.
You visited 1 branch of the dungeon, and saw 1 of its levels.

Inventory:

Hand Weapons
 a - a +0 long sword (weapon)
Missiles
 d - 3 throwing nets (quivered)
 e - a javelin
Armour
 b - a +0 leather armour (worn)
 c - a +0 helmet (worn)


   Skills:
 + Level 2.2 Fighting
 + Level 2.7 Long Blades
 + Level 1.7 Throwing
 + Level 2.5 Dodging


You couldn't memorise any spells.
You didn't know any spells.
Your spell library was empty.

Dungeon Overview and Level Annotations

Branches:
Dungeon (1/15)

Altars:


Innate Abilities, Weirdness & Mutations

You are immune to sickness and miasma.
Your stone body is resilient. (AC +2)
You are immune to poison.
You resist negative energy. (rN+)
You are resistant to electric shocks. (rElec)
You are resistant to unholy torment.
You are immune to petrification.


Message History

The bat completely misses you. The bat hits you but does no damage.
The bat hits you but does no damage. The bat closely misses you.
You barely miss the bat. The bat closely misses you. x2
The bat hits you but does no damage.
You hit the bat.
You kill the bat!
Found a stone staircase leading down.
A hobgoblin comes into view.
The hobgoblin shouts!
There is a stone staircase leading down here.
The hobgoblin barely misses you.
You barely miss the hobgoblin. The hobgoblin hits you.
You barely miss the hobgoblin.
The hobgoblin hits you but does no damage. x2
You closely miss the hobgoblin.
A ball python comes into view.
The hobgoblin barely misses you.
You closely miss the hobgoblin.
The ball python hisses angrily.
The hobgoblin hits you. The ball python barely misses you. x2
You barely miss the hobgoblin. The hobgoblin closely misses you.
The ball python bites you. The ball python grabs you.
The ball python constricts you.
The hobgoblin hits you but does no damage.
You slash the hobgoblin!
You kill the hobgoblin!
The ball python bites you but does no damage.
The ball python constricts you.
You escape the ball python's grasp.
The ball python barely misses you. x2
You see here a hobgoblin corpse.
You barely miss the ball python. The ball python barely misses you. x3
The ball python misses you.
You closely miss the ball python. The ball python barely misses you.
The ball python grabs you. The ball python constricts you.
* * * LOW HITPOINT WARNING * * *
You closely miss the ball python. The ball python bites you.
* * * LOW HITPOINT WARNING * * *
The ball python constricts you.
You die...

≈°≈≈#.'.><..'.#.§§ ...
≈≈≈.#≈#.....#≈#..§
.#...
.≈≈.###.....###.≈§
...#. .≈..# ###'###
#..≈ .....##..#
##8.8## #.. ....###
#####'#### ### ...
.##...#...##..
####.##.#.........#.##
+...S@..#..§#.....#..#
#####.####...§§§.##..#
#.>...###''§####.##
#.###.#............
#.. #.###.#.####.##
#.# #.#.......# .# ..
#.#.#...#.# .# #.#
#.#.#...#.# .# #.
#.#...#.# # .#


You could see a ball python.

Vanquished Creatures
  A hobgoblin (D:1)
  A ball python (D:1)
  A bat (D:1)
3 creatures vanquished.

Notes
Turn   | Place    | Note
-------+----------+-------------------------------------------
     0 | D:1      | shadowstone the Gargoyle Gladiator began the quest for the
                  | Orb.
     0 | D:1      | Reached XP level 1. HP: 12/12 MP: 1/1
   112 | D:1      | Constricted to death by a ball python

Illustrated notes

Levels and vault maps discovered:
D:1:      shiori_arrival_elements, layout_basic

Action                   || total
-------------------------++-------
Melee: Long sword        ||    15
Armor: Leather armour    ||    14
Dodge: Dodged            ||    23

Table legend: (Time is in decaauts)
 A = Elapsed time spent in this place.
 B = Non-inter-level travel time spent in this place.
 C = Inter-level travel time spent in this place.
 D = Time resting spent in this place.
 E = Time spent auto-exploring this place.
 F = Levels seen in this place.
 G = Mean time per level.
                   A        B        C        D        E       F      G
               +--------+--------+--------+--------+--------+-----+--------+
         Total |    115 |    115 |      0 |      0 |      0 |   1 |  115.0 |
       Dungeon |    115 |    115 |      0 |      0 |      0 |   1 |  115.0 |
               +--------+--------+--------+--------+--------+-----+--------+

Top non-repeatable levels by time:
     D:1: 115 daAuts
